 Dungeon Crawl Stone Soup version 0.28-a0-563-gf77a47075d (webtiles) character file.

Game seed: 10236609429427258767

51 robertstho the Skirmisher (level 3, 0/34 HPs)
             Began as a Minotaur Berserker on Sept 29, 2021.
             Was a Follower of Trog.
             Succumbed to an adder's poison
             ... on level 2 of the Dungeon.
             The game lasted 00:01:12 (1333 turns).

robertstho the Skirmisher (Minotaur Berserker)      Turns: 1333, Time: 00:01:12

Health: 0/34       AC:  2    Str: 21    XL:     3   Next: 57%
Magic:  2/2        EV: 12    Int:  5    God:    Trog [*.....]
Gold:   47         SH:  0    Dex:  9    Spells: 2/2 levels left

rFire   . . .      SeeInvis .   a - +0 hand axe
rCold   . . .      Faith    .   (no shield)
rNeg    . . .      Spirit   .   b - +0 animal skin
rPois   .          Reflect  .   (helmet restricted)
rElec   .          Harm     .   (no cloak)
rCorr   .          Rampage  .   (no gloves)
Will    .....                   (no boots)
Stlth   +.........              (no amulet)
HPRegen 0.11/turn               (no ring)
MPRegen 0.08/turn               (no ring)

@: lethally poisoned (0 -> -1), on berserk cooldown, slowed, very slow
A: horns 2, retaliatory headbutt
a: Renounce Religion, Berserk


You were on level 2 of the Dungeon.
You worshipped Trog.
Trog was aware of your devotion.
You visited 1 branch of the dungeon, and saw 2 of its levels.

You collected 47 gold pieces.

Inventory:

Hand Weapons
 a - a +0 hand axe (weapon)
Armour
 b - a +0 animal skin (worn)
Scrolls
 c - a scroll of enchant weapon {unknown}
 d - a scroll of teleportation {unknown}
 e - 2 scrolls of silence {unknown}
 f - a scroll of magic mapping {unknown}
 j - 2 scrolls of enchant armour {unknown}
Potions
 g - a potion of resistance {unknown}
 h - a potion of cancellation {unknown}
 i - a potion of attraction {unknown}


   Skills:
 * Level 4.6 Fighting
 + Level 4.2 Axes
 * Level 2.8 Armour
 + Level 2.4 Dodging
 + Level 0.2 Stealth


You had 2 spell levels left.
You didn't know any spells.
Your spell library was empty.

Dungeon Overview and Level Annotations

Branches:
Dungeon (2/15)

Altars:

Annotations:
D:2 Terence


Innate Abilities, Weirdness & Mutations

You have a pair of horns on your head.
You reflexively headbutt those who attack you in melee.


Message History

The hobgoblin hits you.
You are too injured to fight recklessly!
You are too injured to fight recklessly!
A red film seems to cover your vision as you go berserk!
You feel yourself moving faster!
You feel mighty!
You feel sick. The adder bites you.
You are more poisoned.
The adder poisons you! The hobgoblin barely misses you.
You hit the hobgoblin but do no damage. Your headbutt misses the hobgoblin.
The hobgoblin is heavily wounded.
You slash the adder!
You kill the adder!
Trog accepts your kill.
You feel very sick.
Found 8 gold pieces.
You feel sick. The hobgoblin barely misses you.
You see here an adder corpse.
You hit the hobgoblin.
You kill the hobgoblin!
Trog accepts your kill.
You feel sick.
You feel sick.
You feel a strong urge to attack something.
You feel sick.
You feel sick.
You feel your anger nearly subside.
You are no longer berserk.
You are exhausted.
You feel yourself slow down.
* * * LOW HITPOINT WARNING * * *
You feel sick.
* * * LOW HITPOINT WARNING * * *
You feel sick.
* * * LOW HITPOINT WARNING * * *
You feel sick.
A goblin and Terence come into view.
* * * LOW HITPOINT WARNING * * *
You feel sick.
The goblin shouts!
The goblin moves out of view.
Found a stone staircase leading down.
You die...

...............
...............
...............
............g>.
...............
..@...........#
#............#
.......@##
#######..###
#....###. #........ .
#.##.#### .^#
#.#.....######
#...###.#..##......##
#.................#
###..†##..#########


You could see Terence (asleep) and a goblin.

Vanquished Creatures
  A gnoll (D:1)
  An adder (D:2)
  A worm (D:2)
  4 ball pythons (D:1)
  2 bats (D:1)
  3 endoplasms (D:1)
  A giant cockroach (D:1)
  4 goblins
  2 hobgoblins
  2 quokkas
  3 kobolds
  4 rats
28 creatures vanquished.

Notes
Turn   | Place    | Note
-------+----------+-------------------------------------------
     0 | D:1      | robertstho the Minotaur Berserker began the quest for the
                  | Orb.
     0 | D:1      | Reached XP level 1. HP: 19/19 MP: 0/0
   282 | D:1      | Reached XP level 2. HP: 8/28 MP: 1/1
   770 | D:1      | Reached XP level 3. HP: 32/34 MP: 2/2
  1332 | D:2      | Noticed Terence
  1332 | D:2      | HP: 1/34 [poisoned by an adder]
  1333 | D:2      | Succumbed to an adder's poison

Illustrated notes

Levels and vault maps discovered:
D:1:      matt_arrival_diagonals, layout_basic, minmay_tromino_v7
D:2:      layout_rooms, minmay_circle_x, uniq_terence

Skill      XL: |  1 |
---------------+----+-----
Axes           | 4 |  4.2
Fighting       | 4 |  4.6
Armour         | |  2.8
Dodging        | |  2.4
Stealth        | |  0.2

Action                   || total
-------------------------++-------
Melee: Hand axe          ||    53
       Headbutt          ||     6
Invok: Berserk           ||     4
Armor: Animal skin       ||     9
Dodge: Dodged            ||    28

Table legend: (Time is in decaauts)
 A = Elapsed time spent in this place.
 B = Non-inter-level travel time spent in this place.
 C = Inter-level travel time spent in this place.
 D = Time resting spent in this place.
 E = Time spent auto-exploring this place.
 F = Levels seen in this place.
 G = Mean time per level.
                   A        B        C        D        E       F      G
               +--------+--------+--------+--------+--------+-----+--------+
         Total |   1375 |   1349 |     26 |    566 |    608 |   2 |  687.5 |
       Dungeon |   1375 |   1349 |     26 |    566 |    608 |   2 |  687.5 |
               +--------+--------+--------+--------+--------+-----+--------+

Top non-repeatable levels by time:
     D:1: 1070 daAuts
     D:2: 305 daAuts
